 Dungeon Crawl Stone Soup version 0.25-a0-435-g4b9beb1024 (webtiles) character file.

Game seed: 10484593866915192616, levelgen mode: deterministic

3527 Archen the Cleaver (level 9, -7/82 HPs)
             Began as a Minotaur Berserker on Jan 28, 2020.
             Was an Elder of Trog.
             Mangled by an orc warrior
             ... wielding a +0 hand axe
              (24 damage)
             ... on level 8 of the Dungeon.
             The game lasted 00:18:42 (4877 turns).

Archen the Cleaver (Minotaur Berserker)             Turns: 4877, Time: 00:18:42

Health: -7/82      AC: 13    Str: 24    XL:     9   Next: 82%
Magic:  0/8        EV:  8    Int:  4    God:    Trog [****..]
Gold:   325        SH:  7    Dex: 11    Spells: 8/8 levels left

rFire    . . .     SeeInvis .   w - +1 war axe (freeze)
rCold    . . .     Gourm    .   s - +0 shield
rNeg     . . .     Faith    .   o - +0 chain mail
rPois    .         Spirit   +   (helmet restricted)
rElec    .         Reflect  .   m - scarf {Spirit}
rCorr    .         Harm     .   (no gloves)
MR       .....     Rnd*Tele +   h - +1 pair of boots
Stlth    ..........             (no amulet)
HPRegen  0.23/turn              A - ring of teleportation (curse)
MPRegen  0.11/turn              r - ring of flight

@: drained
A: retaliatory headbutt, horns 2
a: Berserk, Trog's Hand, Brothers in Arms, Renounce Religion, Evoke Flight


You were on level 8 of the Dungeon.
You worshipped Trog.
Trog was greatly pleased with you.
You were not hungry.

You visited 1 branch of the dungeon, and saw 7 of its levels.

You collected 325 gold pieces.

Inventory:

Hand Weapons
 f - a +3 hand axe of distortion
 w - a +1 war axe of freezing (weapon)
Armour
 h - a +1 pair of boots (worn)
 j - a +0 cloak
 m - a scarf of spirit shield (worn)
 o - a +0 chain mail (worn)
 p - a +0 buckler
 s - a +0 shield (worn)
Jewellery
 i - a +4 ring of intelligence
 r - a ring of flight (right hand)
 A - a cursed ring of teleportation (left hand)
Wands
 d - a wand of acid (20)
 k - a wand of digging (1)
 t - a wand of disintegration (12)
Scrolls
 e - 7 scrolls of identify
 g - 5 scrolls of teleportation
 y - a scroll of remove curse
 z - a scroll of blinking
Potions
 a - a potion of agility {unknown}
 b - 3 potions of berserk rage
 l - 3 potions of curing {unknown}
 n - a potion of haste {unknown}
 q - a potion of heal wounds {unknown}
 u - a potion of cancellation {unknown}
 v - a potion of invisibility {unknown}
Comestibles
 c - 14 rations
 x - 6 chunks of flesh


   Skills:
 + Level 8.6(7.7) Fighting
 * Level 10.7(9.8) Axes
 + Level 8.2(7.3) Armour
 + Level 7.4(6.6) Dodging


You had 8 spell levels left.
You didn't know any spells.
Your spell library was empty.

Dungeon Overview and Level Annotations

Branches:
Dungeon (8/15)             Temple (0/1) D:6            Lair (0/6) D:8

Altars:
Elyvilon
Fedhas
Qazlal
Trog
Yredelemnul


Innate Abilities, Weirdness & Mutations

You reflexively headbutt those who attack you in melee.
You have a pair of horns on your head.


Message History

You slash the orc warrior! You freeze the orc warrior.
Your headbutt misses the orc warrior.
The orc warrior is moderately wounded.
The wight hits you from afar with a cursed +0 spear.
* * * LOW HITPOINT WARNING * * *
You block the orc warrior's attack. The wight hits you but does no damage.
You closely miss the orc warrior.
The orc warrior is moderately wounded.
You block the orc warrior's attack.
The orc warrior hits you with a +0 hand axe.
* * * LOW HITPOINT WARNING * * *
The wight hits you but does no damage.
You closely miss the orc warrior.
The orc warrior is moderately wounded.
You block the orc warrior's attack. The wight hits you but does no damage.
You slash the orc warrior! You freeze the orc warrior.
You headbutt the orc warrior.
The orc warrior is severely wounded.
The orc warrior hits you with a +0 hand axe!!
You die...

#........# #.......
#........# #.......
############.......
#....#.......
#....##......
#....##...... #####
#....##......
##...###....##......
#<)@...#....#...####
##o###.#............
#.z #......#...####
#.. #......#...# #..
#......#...# #..
#......#...# #..
#......#...#### #_.
######.#...##.)
#.#...##.#


You could see an orc warrior (berserk) and a wight.

Vanquished Creatures
  Psyche (D:8)
  2 hippogriffs (D:8)
  Grum (D:8)
  A sky beast (D:7)
  2 phantoms (D:6)
  3 wolves (D:8)
  4 ogres
  5 bullfrogs
  A scorpion (D:4)
  4 wights (D:8)
  A howler monkey (D:4)
  An electric eel (D:7)
  2 crimson imps
  2 bullfrog zombies
  A hound (D:7)
  2 jellies
  9 orc priests
  3 orc wizards
  An iguana (D:4)
  3 worker ants
  Natasha (twice) (D:4)
  A hound skeleton (D:7)
  4 gnolls (D:2)
  3 howler monkey skeletons
  4 adders
  3 oozes (D:3)
  2 worms (D:3)
  A dart slug (D:3)
  2 leopard geckos
  22 orcs
  11 bats
  5 giant cockroaches
  11 goblins
  6 hobgoblins
  8 jackals
  9 kobolds
  4 quokkas
  2 ball pythons
  6 frilled lizards
  6 rats
161 creatures vanquished.

Vanquished Creatures (others)
  A hippogriff (D:8)
  3 ice beasts
  An orc wizard (D:3)
  A shadow imp (D:6)
  A rat (D:2)
7 creatures vanquished.

Grand Total: 168 creatures vanquished

Notes
Turn   | Place    | Note
-------+----------+-------------------------------------------
     0 | D:1      | Archen the Minotaur Berserker began the quest for the Orb.
     0 | D:1      | Reached XP level 1. HP: 19/19 MP: 0/0
   146 | D:1      | Reached XP level 2. HP: 21/27 MP: 1/1
   207 | D:1      | Reached skill level 4 in Axes
   222 | D:1      | Reached XP level 3. HP: 21/33 MP: 2/2
   545 | D:2      | Reached ** piety under Trog
   554 | D:2      | Reached XP level 4. HP: 27/41 MP: 3/3
  1161 | D:3      | Reached XP level 5. HP: 42/47 MP: 2/4
  1308 | D:3      | Reached skill level 5 in Fighting
  1308 | D:3      | Reached skill level 5 in Axes
  1321 | D:3      | Reached XP level 6. HP: 39/56 MP: 3/5
  1330 | D:3      | Reached *** piety under Trog
  1878 | D:4      | Noticed Natasha
  1916 | D:4      | Killed Natasha
  1986 | D:4      | Reached XP level 7. HP: 24/62 MP: 3/6
  1989 | D:4      | Reached skill level 5 in Armour
  1989 | D:4      | Reached skill level 6 in Axes
  2104 | D:4      | Noticed Natasha
  2109 | D:4      | Killed Natasha
  2109 | D:4      | Reached **** piety under Trog
  2321 | D:4      | Found a stormy altar of Qazlal.
  2321 | D:4      | Found a blossoming altar of Fedhas.
  2366 | D:4      | You fall into a shaft and drop 3 floors!
  2528 | D:6      | Reached skill level 5 in Dodging
  2559 | D:6      | Found a staircase to the Ecumenical Temple.
  2572 | D:6      | Reached skill level 7 in Axes
  2710 | D:6      | Reached XP level 8. HP: 70/71 MP: 7/7
  3105 | D:7      | Reached skill level 8 in Axes
  3657 | D:7      | Found a basalt altar of Yredelemnul.
  4068 | D:7      | Found a white marble altar of Elyvilon.
  4223 | D:8      | Reached skill level 9 in Axes
  4260 | D:8      | Noticed Grum
  4265 | D:8      | Reached XP level 9. HP: 68/79 MP: 6/8
  4299 | D:8      | Killed Grum
  4322 | D:8      | Noticed Psyche
  4328 | D:8      | Killed Psyche
  4366 | D:8      | Reached skill level 10 in Axes
  4666 | D:8      | Found a staircase to the Lair.
  4860 | D:8      | Found a bloodstained altar of Trog.
  4877 | D:8      | Mangled by an orc warrior

Levels and vault maps discovered:
D:1:      minmay_arrival_cross, layout_basic, st_stairs_12,
          minmay_tiny_reverse_x
D:2:      layout_basic, first_ration
D:3:      layout_rooms, serial_glass, glass_columns_a, glass_columns_b,
          glass_columns_b, glass_columns_c, glass_columns_a, glass_columns_b,
          glass_columns_a, glass_columns_a, glass_columns_b, glass_columns_a
D:4:      layout_rooms, grunt_temple_overflow_forces_of_nature, serial_shops,
          shop, kennysheep_okawaru_gauntlet, uniq_pikel, uniq_natasha, uniq_ijyb
D:6:      layout_basic, minmay_temple_entry_tees, item_on_display_a
D:7:      layout_layer_cave, kennysheep_ying_yang, fountainhead
D:8:      layout_basic, grunt_temple_overflow_bloody_war, lair_entry_dummy,
          uniq_psyche, uniq_grum

Skill      XL: |  1  2  3  4  5  6  7  8  9 |
---------------+----------------------------+-----
Fighting       | 4 5 6 7 8 |  8.6
Axes           | 4 5 7 9 10 | 10.7
Armour         | 3 4 5 7 8 |  8.2
Dodging        | 3 4 5 6 7 |  7.4

Action                   |  1- 3 |  4- 6 |  7- 9 || total
-------------------------+-------+-------+-------++-------
Melee: Hand axe          |    51 |   129 |   141 ||   321
       Headbutt          |     9 |    16 |    34 ||    59
       War axe           |       |       |    54 ||    54
Invok: Berserk           |     1 |     1 |     3 ||     5
  Use: Scroll            |       |     3 |     4 ||     7
  Eat: Chunk             |       |     5 |    12 ||    17
Armor: Leather armour    |     5 |       |       ||     5
       Ring mail         |     4 |    33 |       ||    37
       Chain mail        |       |    11 |    86 ||    97
Dodge: Dodged            |    43 |    80 |    54 ||   177
Block: Buckler           |       |     2 |     4 ||     6
       Shield            |       |       |    45 ||    45

Table legend:
 A = Non-vault XP
 B = Vault XP
 C = Vault XP percentage of total XP
 D = Non-vault monster count
 E = Vault monster count
 F = Vault count percentage of total count
                 A         B        C        D         E       F
            +---------+---------+-------+---------+---------+-------
      Total |    4035 |    1004 |  19.9 |     157 |      11 |   6.5
            +---------+---------+-------+---------+---------+-------
        D:1 |      41 |       8 |  16.3 |      24 |       5 |  17.2
        D:2 |     101 |       0 |   0.0 |      25 |       0 |   0.0
        D:3 |     378 |       0 |   0.0 |      40 |       0 |   0.0
        D:4 |     446 |      35 |   7.3 |      18 |       1 |   5.3
        D:6 |     503 |       0 |   0.0 |       9 |       0 |   0.0
        D:7 |    1082 |       0 |   0.0 |      21 |       0 |   0.0
        D:8 |    1484 |     961 |  39.3 |      20 |       5 |  20.0
            +---------+---------+-------+---------+---------+-------
